 Dungeon Crawl Stone Soup version 0.29.1-2-gbd0b4ee654 (webtiles) character file.

Game seed: 15012264465704050711

1068 Avanven the Magician (level 8, -5/53 HPs)
             Began as a Djinni Fire Elementalist on Nov 18, 2022.
             Was a Follower of Hepliaklqana.
             Killed by divine providence
             ... invoked by an orc priest
              (11 damage)
             ... on level 6 of the Dungeon.
             The game lasted 00:11:31 (5999 turns).

Avanven the Magician (Djinni Fire Elementalist)     Turns: 5999, Time: 00:11:32

Health: -5/53      AC:  6    Str:  7    XL:     8   Next: 53%
Gold:   253        EV: 12    Int: 19    God:    Hepliaklqana [*.....] SH:  0 Dex: 14

rFire   + + .      SeeInvis .   h - +3 dagger (venom)
rCold   . . .      Faith    .   (no shield)
rNeg    . . .      Spirit   .   a - +0 robe
rPois   ∞          Reflect  .   (no helmet)
rElec   .          Harm     .   r - +0 cloak
rCorr   .          Rampage  .   g - +2 pair of gloves
Will    .....                   (boots unavailable)
Stlth   ++........              (no amulet)
HPRegen 0.17/turn               l - ring of protection from cold
MPRegen 0.00/turn               (no ring)

@: about to teleport, flying
A: reduced essence, sickness immunity, fire resistance 2, cold vulnerability 1,
float, innate caster, HP casting, extra vitality 1
a: Renounce Religion, Recall Ancestor, Ancestor Identity


You were on level 6 of the Dungeon.
You worshipped Hepliaklqana.
Hepliaklqana was aware of your devotion.
You visited 2 branches of the dungeon, and saw 7 of its levels.

You collected 253 gold pieces.

Inventory:

Hand Weapons
 h - a +3 dagger of venom (weapon)
Missiles
 n - 2 throwing nets
Armour
 a - a +0 robe (worn)
 g - a +2 pair of gloves (worn)
 r - a +0 cloak (worn)
Jewellery
 l - a ring of protection from cold (left hand)
Wands
 c - a wand of paralysis (5)
 p - a wand of quicksilver (5)
Scrolls
 b - a scroll of enchant weapon
 e - a scroll of fog
 i - 2 scrolls of vulnerability
 k - 3 scrolls of identify
 t - a scroll of summoning {unknown}
Potions
 d - a potion of magic
 f - a potion of mutation
 j - 3 potions of curing
 m - 2 potions of attraction
 q - a potion of brilliance {unknown}
 s - a potion of cancellation {unknown}
 u - a potion of haste {unknown}


   Skills:
 + Level 5.2 Fighting
 - Level 2.1 Dodging
 - Level 1.5 Stealth
 * Level 6.4 Spellcasting


You couldn't memorise any spells.
You knew the following spells:

 Your Spells              Type           Power      Damage    Failure   Level
a - Foxfire               Conj/Fire      100%       2x1d9     1%          1
b - Scorch                Fire           60%        2d8       1%          2
c - Conjure Flame         Conj/Fire      30%        6-21      2%          3
d - Inner Flame           Hex/Fire       30%        N/A       2%          3
e - Flame Wave            Conj/Fire      30%        2d9       8%          4
f - Summon Small Mammal   Summ           100%       N/A       1%          1
g - Ensorcelled Hibernat  Hex/Ice        60%        N/A       1%          2
h - Swiftness             Air            30%        N/A       2%          3
Your spell library was empty.

Dungeon Overview and Level Annotations

Branches:
Dungeon (6/15)             Temple (1/1) D:4

Altars:
Fedhas
Gozag
Hepliaklqana
Makhleb
Nemelex Xobeh
Okawaru
Qazlal
Ru
Trog
Zin
The Shining One

Annotations:
D:2 1 runed translucent door, Crazy Yiuf


Innate Abilities, Weirdness & Mutations

Your life essence is reduced to manifest your ancestor. (-10% HP)
You are immune to sickness and miasma.
You are immune to poison.
Your flesh is very heat resistant. (rF++)
You are vulnerable to cold. (rC-)
You float through the air rather than walking.
You learn spells naturally, not from books.
Your magical power is your life essence.
You have superior vitality. (+4 MHP)


Message History

You conjure some foxfire!
Your foxfire dissipates!
The orc wizard casts a spell.
The orc wizard flickers and vanishes!
Deactivating autopickup; reactivate with Ctrl-A.
There is not enough space to conjure foxfire!
Unknown command.
There are monsters nearby!
There is not enough space to conjure foxfire!
Unknown command.
There is not enough space to conjure foxfire!
The foxfire hits the orc warrior.
The orc warrior is lightly wounded.
The foxfire hits the orc warrior but does no damage.
The orc warrior is lightly wounded.
An orc comes into view. It is wielding a +0 hand axe.
The orc priest calls down the wrath of Beogh upon you.
Beogh smites you!
Casting: Foxfire (safe; 1% risk of failure)
Confirm with . or Enter, or press ? or * to list all spells.
Flames lash the orc warrior.
The orc warrior is lightly wounded.
The orc warrior's fire resistance burns away.
An orc comes into view. It is wielding a +0 club.
The orc priest calls upon Beogh to heal the orc warrior.
The orc warrior's wounds heal themselves!
Casting: Scorch (safe; 1% risk of failure)
Confirm with . or Enter, or press ? or * to list all spells.
Flames lash the orc warrior.
The orc warrior is burned terribly!
The orc warrior is heavily wounded.
The orc shouts!
The orc warrior hits you from afar with a +0 halberd!!
* * * LOW HITPOINT WARNING * * *
A jelly comes into view.
Okay, then.
As you read the scroll of teleportation, it crumbles to dust.
You feel strangely unstable.
The orc priest invokes the aid of Beogh against you.
Beogh smites you!
You die...

#.........#
##........##
#.........#
##.#......##
###
##.#########
#... ##..#
...). ##..##
......##..##
.......@v.#
.......#R.#
...${o.##....
..o...#
##.....
.J.o.. ......
...... ......
..o.. ......
..... .....


You could see the friendly Benio the ancestor, an orc warrior (combustible, ally
target), a jelly, an orc priest and 2 orcs.

Vanquished Creatures
  A water moccasin (D:5)
  An ogre (D:4)
  A phantom (D:5)
  2 necrophages (D:5)
  2 scorpions
  6 hounds
  2 jellies
  Jessica (D:2)
  Ijyb (D:4)
  Robin (D:4)
  12 gnolls
  5 adders
  An ufetubus (D:4)
  A worm (D:2)
  4 dart slugs
  3 orcs
  A ball python (D:1)
  2 endoplasms
  7 giant cockroaches
  6 hobgoblins
  9 bats
  2 frilled lizards
  15 goblins
  8 kobolds
  3 rats
97 creatures vanquished.

Vanquished Creatures (collateral kills)
  A ball python (D:3)
1 creature vanquished.

Vanquished Creatures (others)
  328 foxfires
328 creatures vanquished.

Grand Total: 426 creatures vanquished

Notes
Turn   | Place    | Note
-------+----------+-------------------------------------------
     0 | D:1      | Avanven the Djinni Fire Elementalist began the quest for
                  | the Orb.
     0 | D:1      | Avanven set off with the following spells memorised:
                  | Foxfire, Scorch, Conjure Flame, Inner Flame, Flame Wave.
     0 | D:1      | Reached XP level 1. HP: 15/15 MP: 0/0
    86 | D:1      | Found a faded altar of an unknown god.
   484 | D:1      | Reached XP level 2. HP: 17/22 MP: 0/0
  1130 | D:2      | Reached skill level 1 in Fighting
  1130 | D:2      | Reached XP level 3. HP: 23/27 MP: 0/0
  1130 | D:2      | Learned a level 1 spell: Summon Small Mammal
  1134 | D:2      | Reached skill level 3 in Spellcasting
  1862 | D:2      | Noticed Jessica
  1867 | D:2      | Killed Jessica
  1868 | D:2      | Reached XP level 4. HP: 27/33 MP: 0/0
  2135 | D:2      | Found a sacrificial altar of Ru.
  2164 | D:2      | Found a runed translucent door.
  2165 | D:2      | Noticed Crazy Yiuf
  2759 | D:3      | Found a sacrificial altar of Ru.
  2862 | D:3      | Found an opulent altar of Gozag.
  2902 | D:3      | Reached XP level 5. HP: 35/38 MP: 0/0
  2902 | D:3      | Learned a level 2 spell: Ensorcelled Hibernation
  2997 | D:3      | Found a stormy altar of Qazlal.
  3061 | D:3      | Reached skill level 4 in Spellcasting
  3433 | D:4      | Noticed Ijyb
  3433 | D:4      | Paralysed by Ijyb for 3 turns
  3439 | D:4      | Killed Ijyb
  3442 | D:4      | Reached XP level 6. HP: 35/46 MP: 0/0
  3751 | D:4      | Noticed an ogre
  3760 | D:4      | Killed an ogre
  3774 | D:4      | Noticed Robin
  3777 | D:4      | Reached XP level 7. HP: 35/50 MP: 0/0
  3777 | D:4      | Learned a level 3 spell: Swiftness
  3779 | D:4      | Killed Robin
  4028 | D:4      | Reached skill level 5 in Spellcasting
  4073 | D:4      | Found a staircase to the Ecumenical Temple.
  4080 | Temple   | Entered the Ecumenical Temple
  4143 | Temple   | Became a worshipper of Hepliaklqana the Forgotten
  4188 | D:4      | Found a burning altar of Makhleb.
  4654 | D:4      | Found a sparkling altar of Nemelex Xobeh.
  4843 | D:5      | Entered Level 5 of the Dungeon
  5113 | D:5      | Reached XP level 8. HP: 47/58 MP: 0/0
  5470 | D:5      | Reached * piety under Hepliaklqana
  5539 | D:5      | Reached skill level 6 in Spellcasting
  5629 | D:5      | Reached skill level 5 in Fighting
  5999 | D:6      | Killed from afar by an orc priest

Illustrated notes

Levels and vault maps discovered:
D:1:      lemuel_arrival_tunnels, layout_basic, ebering_ecumenical_altar_webs,
          minmay_domino_2
D:2:      layout_loops_ring, basic_altar, uniq_crazy_yiuf_cottage, uniq_jessica
D:3:      layout_rooms, mainiacjoe_overflow_brackets,
          nicolae_gozag_seed_capital, old_standard_altar, minmay_cupped
D:4:      nicolae_cairo_tiling_large_dashed, layout_loops_ring,
          mainiacjoe_overflow_small_starburst, lemuel_tele_altar,
          temple_statues, hangedman_abyss_or_decor_passed, uniq_ijyb, uniq_robin
D:5:      layout_loops_ring, overflow_temple_1_default
D:6:      layout_cave_pods, grunt_dithmenos_smoke, uniq_pikel
Temple:   hellmonk_temple_of_storms

Skill      XL: |  1  2  3  4  5  6  7  8 |
---------------+-------------------------+-----
Fighting       | 1 2 3 4 5 |  5.2
Spellcasting   | 3 4 5 6 |  6.4
Dodging        | |  2.1
Stealth        | |  1.5

Action                   |  1- 3 |  4- 6 |  7- 9 || total
-------------------------+-------+-------+-------++-------
Melee: Dagger            |     2 |       |       ||     2
 Cast: Foxfire           |    46 |    79 |    76 ||   201
       Scorch            |     8 |    17 |    25 ||    50
       Ensorcelled Hiber |       |     1 |     2 ||     3
       Summon Small Mamm |       |     1 |       ||     1
       Swiftness         |       |       |     1 ||     1
       Flame Wave        |       |       |     1 ||     1
Invok: Ancestor Identity |       |       |     1 ||     1
  Use: Scroll            |       |     9 |     2 ||    11
       Potion            |       |       |     1 ||     1
Armor: Robe              |     5 |     1 |     4 ||    10
Dodge: Dodged            |     4 |     1 |     3 ||     8
